 Dungeon Crawl Stone Soup version 0.32-a0-870-g877066f4b4 (webtiles) character file.

Game seed: 9999171027538594140

529 squirrel the Poker (level 7, 61/61 HPs)
             Began as a Minotaur Fighter on Dec 7, 2022.
             Was an Initiate of Okawaru.
             Quit the game on level 4 of the Dungeon on Mar 29, 2024.
             The game lasted 00:46:29 (3351 turns).

squirrel the Poker (Minotaur Fighter)               Turns: 3351, Time: 00:46:29

Health: 61/61      AC:  7    Str: 22    XL:     7   Next: 3%
Magic:  6/6        EV:  9    Int:  5    God:    Okawaru [......]
Gold:   183        SH:  4    Dex: 10    Spells: 6/6 levels left

rFire   . . .        a - +0 trident
rCold   . . .        c - +0 buckler
rNeg    . . .        b - +0 scale mail
rPois   .            (helmet restricted)
rElec   .            (no cloak)
rCorr   .            (no gloves)
SInv    .            (no boots)
Will    .....        (no amulet) Stlth
                     (no ring)
HPRegen 0.30/turn    (no ring)
MPRegen 0.10/turn

%: no passive effects
@: weak-willed
A: horns 2, retaliatory headbutt
a: Renounce Religion


You were on level 4 of the Dungeon.
You worshipped Okawaru.
Okawaru was noncommittal.
You visited 1 branch of the dungeon, and saw 4 of its levels.

You collected 255 gold pieces.
You spent 72 gold pieces at shops.

Inventory:

Hand Weapons
 a - a +0 trident (weapon)
Missiles
 i - 57 stones (quivered)
Armour
 b - a +0 scale mail (worn)
 c - a +0 buckler (worn)
Potions
 e - 2 potions of attraction
 h - a potion of magic
 j - a potion of haste
 k - a potion of might
 t - a potion of mutation
 w - a potion of brilliance
 A - 2 potions of heal wounds


   Skills:
 + Level 5.2 Fighting
 + Level 6.2 Polearms
 + Level 5.7 Armour
 + Level 1.2 Dodging
 + Level 0.2 Stealth
 + Level 4.5 Shields


You had 6 spell levels left.
You didn't know any spells.
Your spell library was empty.

Dungeon Overview and Level Annotations

Branches:
Dungeon (4/15)
 Temple: D:4-7

Altars:
Okawaru
Uskayaw

Shops:
D:4 *


Innate Abilities, Weirdness & Mutations

You have a pair of horns on your head.
You reflexively headbutt those who attack you in melee.


Message History

As you read the scroll labelled AFEISO ZASAPN, it crumbles to dust.
A wave of despondency washes over your surroundings.
It was a scroll of vulnerability.
As you read the scroll labelled LOULEU WU YNKUOD, it crumbles to dust.
You feel strangely unstable.
It was a scroll of teleportation.
Your surroundings seem slightly different.
Found a short smoking staff.
An adder comes into view.
The adder hisses angrily.
You completely miss the adder. The adder bites you but does no damage.
You closely miss the adder. You block the adder's attack.
The adder bites you but does no damage.
You barely miss the adder. The adder bites you but does no damage.
You barely miss the adder. You headbutt the adder.
The adder is lightly wounded.
You block the adder's attack.
You barely miss the adder.
You headbutt the adder, but do no damage.
The adder is lightly wounded.
The adder barely misses you. You furiously retaliate!
You headbutt the adder!
You kill the adder!
As you read the scroll labelled DULALIERUN, it crumbles to dust.
You assume a fearsome visage.
Nothing appears to happen.
It was a scroll of fear.
As you read the scroll labelled SAJ NUINEUR, it crumbles to dust.
Wisps of shadow whirl around you...
The shadows disperse without effect.
It was a scroll of summoning.
Uskayaw booms out: Revellers, it's time to dance!
The divine experience confuses you!
You are confused.
You're confused, stopping explore.
You're confused, stopping explore.
You are too confused!
You are too confused!
You are too confused!
You are too confused!
You are too confused!
You are too confused!
You feel less confused.
You see here a staff of alchemy.
Are you sure you want to abandon this character and quit the game? (Confirm with "yes".)

#..............
#..............
#..............
#########..............
##...#...#.......)...(..
##.......................
#...........#............
#...................###..
#.......@...##......# #..
##......##.#..##.#..##.#)
##.....#.##..#.##..#.##.
##.###.. .##....##....#
#. #.# .##..#.##.. # .. #
#..##.# ##.. ##....# .
#..##.#. # #.##.


There were no monsters in sight!

Vanquished Creatures
  Sigmund (D:2)
  A black bear (D:4)
  An ogre (D:4)
  A hound (D:4)
  Jessica (D:2)
  An adder (D:4)
  3 ribbon worms
  5 dart slugs
  7 orcs
  4 ball pythons
  7 bats
  11 endoplasms
  5 giant cockroaches
  7 goblins
  4 hobgoblins
  9 jackals (D:1)
  5 quokkas
  2 frilled lizards
  5 kobolds
  5 rats
85 creatures vanquished.

Notes
Turn   | Place    | Note
-------+----------+-------------------------------------------
     0 | D:1      | squirrel the Minotaur Fighter began the quest for the Orb.
     0 | D:1      | Reached XP level 1. HP: 19/19 MP: 0/0
   195 | D:1      | Reached XP level 2. HP: 20/27 MP: 1/1
   486 | D:1      | Found a faded altar of an unknown god.
   490 | D:1      | Prayed at the altar of an unknown god.
   490 | D:1      | Became a worshipper of Uskayaw the Reveller
   490 | D:1      | Reached * piety under Uskayaw
   533 | D:1      | Reached skill level 3 in Polearms
   534 | D:1      | Reached ** piety under Uskayaw
   665 | D:1      | Reached XP level 3. HP: 30/33 MP: 2/2
  1055 | D:1      | Upgraded the game from 0.30-a0-395-gfe72c296f8 to
                  | 0.30-a0-424-g7412bad402
  1240 | D:2      | Noticed Sigmund
  1252 | D:2      | Killed Sigmund
  1253 | D:2      | Reached skill level 5 in Polearms
  1253 | D:2      | Reached XP level 4. HP: 29/41 MP: 3/3
  1253 | D:2      | Reached XP level 5. HP: 34/47 MP: 4/4
  1750 | D:2      | Noticed Jessica
  1768 | D:2      | Killed Jessica
  1770 | D:2      | Reached *** piety under Uskayaw
  1788 | D:2      | Upgraded the game from 0.30-a0-424-g7412bad402 to
                  | 0.30-a0-614-ge5ea1257c2
  2074 | D:2      | Upgraded the game from 0.30-a0-614-ge5ea1257c2 to
                  | 0.31-a0-627-gd65175cf8b
  2149 | D:3      | Upgraded the game from 0.31-a0-627-gd65175cf8b to
                  | 0.31-a0-744-gbc345e7fcb
  2169 | D:3      | Reached XP level 6. HP: 41/55 MP: 5/5
  2285 | D:3      | Found an iron altar of Okawaru.
  2295 | D:3      | Fell from the grace of Uskayaw
  2295 | D:3      | Became a worshipper of Warmaster Okawaru
  2850 | D:4      | Found Odgheris's General Store.
  3107 | D:4      | Bought a scroll of identify for 24 gold pieces
  3107 | D:4      | Bought a potion of might for 48 gold pieces
  3168 | D:4      | Reached skill level 5 in Armour
  3218 | D:4      | Upgraded the game from 0.31-a0-744-gbc345e7fcb to
                  | 0.31-a0-1606-g60c5cc7444
  3249 | D:4      | Upgraded the game from 0.31-a0-1606-g60c5cc7444 to
                  | 0.32-a0-39-g5c88369fb2
  3268 | D:4      | Reached skill level 5 in Fighting
  3268 | D:4      | Reached skill level 6 in Polearms
  3268 | D:4      | Reached skill level 1 in Dodging
  3310 | D:4      | Reached XP level 7. HP: 54/61 MP: 6/6
  3310 | D:4      | Upgraded the game from 0.32-a0-39-g5c88369fb2 to
                  | 0.32-a0-870-g877066f4b4
  3351 | D:4      | Quit the game

Illustrated notes

Levels and vault maps discovered:
D:1:      sevenhm_arrival_forest_fort_small_6, layout_loops_corners,
          hellmonk_ecumenical_altar_leap_of_faith, chequers_big_river
D:2:      wander_river, layout_basic, lemuel_flame_loot_1, uniq_jessica,
          uniq_sigmund
D:3:      layout_loops_ring, kennysheep_okawaru_gauntlet,
          minmay_fractal_squares_diagonal_5
D:4:      layout_rooms, worldfamousw_hep_ancestral_shrine, temple_hall,
          serial_shops, nicolae_stop_n_shop_2, nicolae_eternal_life

Skill      XL: |  1  2  3  4  5  6 |
---------------+-------------------+-----
Shields        | 4 |  4.5
Polearms       | 3 5 6 |  6.2
Armour         | 4 5 |  5.7
Fighting       | 4 5 |  5.2
Dodging        | 1 |  1.2
Stealth        | |  0.2

Action                     |  1- 3 |  4- 6 |  7- 9 || total
---------------------------+-------+-------+-------++-------
  Melee: Trident           |    71 |   132 |     5 ||   208
         Headbutt          |     5 |    18 |     2 ||    25
    Use: Potion            |     1 |       |       ||     1
         Scroll            |       |     6 |     5 ||    11
 Armour: Scale mail        |    25 |    69 |     3 ||    97
  Dodge: Dodged            |    32 |    62 |     1 ||    95
  Block: Buckler           |    13 |    27 |     2 ||    42

Table legend: (Time is in decaauts)
 A = Elapsed time spent in this place.
 B = Non-inter-level travel time spent in this place.
 C = Inter-level travel time spent in this place.
 D = Time resting spent in this place.
 E = Time spent auto-exploring this place.
 F = Levels seen in this place.
 G = Mean time per level.
                   A        B        C        D        E       F      G
               +--------+--------+--------+--------+--------+-----+--------+
         Total |   3393 |   3034 |    359 |    200 |   1903 |   4 |  848.2 |
       Dungeon |   3393 |   3034 |    359 |    200 |   1903 |   4 |  848.2 |
               +--------+--------+--------+--------+--------+-----+--------+

Top non-repeatable levels by time:
     D:1: 1164 daAuts
     D:2: 979 daAuts
     D:3: 745 daAuts
     D:4: 504 daAuts
